 Dungeon Crawl Stone Soup version 0.20.1-1-g8b1a95d (webtiles) character file.

10539 Kaspu011 the Carver (level 11, -7/99 HPs)
             Began as a Minotaur Berserker on June 27, 2017.
             Was a High Priest of Trog.
             Mangled by a stone giant (14 damage)
             ... on level 2 of the Orcish Mines on July 4, 2017.
             The game lasted 00:39:50 (5865 turns).

Kaspu011 the Carver (Minotaur Berserker)            Turns: 5865, Time: 00:39:51

Health: -7/99      AC: 16    Str: 25    XL:     11   Next: 37%
Magic:  10/10      EV:  8    Int:  4    God:    Trog [*****.]
Gold:   863        SH:  0    Dex: 10    Spells: 10/10 levels left

rFire    . . .     SeeInvis +   b - +2 battleaxe (drain)
rCold    . . .     Gourm    .   (shield currently unavailable)
rNeg     . . .     Faith    .   o - +0 plate armour
rPois    .         Spirit   .   y - +2 hat
rElec    .         Reflect  .   (no cloak)
rCorr    .         Harm     .   (no gloves)
MR       .....                  (no boots)
Stlth    ..........             (no amulet)
Regen    0.3/turn               e - ring of see invisible
MPRegen  0.2/turn               (no ring)

@: no status effects
A: retaliatory headbutt, horns 2
a: Berserk, Trog's Hand, Brothers in Arms, Burn Spellbooks, Renounce Religion


You were on level 2 of the Orcish Mines.
You worshipped Trog.
Trog was extremely pleased with you.
You were near starving.

You visited 2 branches of the dungeon, and saw 11 of its levels.

You collected 1058 gold pieces.
You spent 195 gold pieces at shops.

Inventory:

Hand Weapons
 b - a +2 battleaxe of draining (weapon)
Missiles
 h - 159 stones (quivered)
 n - 5 tomahawks
 s - 159 arrows
Armour
 g - a +0 troll leather armour
 l - a +0 shield
 o - a +0 plate armour (worn)
 y - a +2 hat (worn)
Jewellery
 e - a ring of see invisible (left hand)
Wands
 t - a wand of confusion (25/48)
 v - a wand of random effects (10/48)
Scrolls
 a - a scroll of teleportation
 j - a scroll of remove curse
 q - 2 scrolls of magic mapping
Potions
 m - 2 potions of might
 r - 3 potions of cancellation
 x - a potion of mutation {unknown}
 B - a potion of resistance {unknown}
Comestibles
 c - 3 bread rations
 f - 2 royal jellies
 k - 3 fruits


   Skills:
 + Level 9.7 Fighting
   Level 11.2 Long Blades
 + Level 10.5 Axes
 + Level 9.5 Armour
 + Level 3.5 Dodging
 + Level 0.3 Stealth
 + Level 7.9 Shields


You had 10 spell levels left.
You didn't know any spells.

Dungeon Overview and Level Annotations

Branches:
Dungeon (12/15)               Orc (2/2) D:12
 Temple: D:4-7         Lair: D:8-11         Elf: Orc:2

Altars:

Shops:
Orc:1 ?[=:


Innate Abilities, Weirdness & Mutations

You reflexively headbutt those who attack you in melee.
You have a pair of horns on your head.


Message History

The orc warrior shouts!
You hit the stone giant. The orc warrior closely misses you.
The orc warrior moves out of view.
You closely miss the orc warrior.
You headbutt the orc warrior, but do no damage.
Your plate armour prevents you from hitting the stone giant.
The stone giant barely misses you.
The orc warrior hits you with a hand axe.
* * * LOW HITPOINT WARNING * * *
The stone giant hits you!
* * * LOW HITPOINT WARNING * * *
The orc priest shouts!
You hit the stone giant.
You headbutt the stone giant, but do no damage.
The stone giant is lightly wounded.
Your plate armour prevents you from hitting the orc warrior.
The orc warrior hits you with a hand axe.
* * * LOW HITPOINT WARNING * * *
The stone giant hits you!
You die...

o.................
......o..........
##..o...#.......
##.....C..)......
#.o.)#o.$....##..
#####o##o#..........
##.#.#o#......#......
#...oCoo#.##.........
#...#@#o#####.........
#.. #######.##........
. #...#..#.##..
#<....### ..
####......#. .
##.#.#.#.......
#.......#..#...
##.#.#.#...##.#
########.## ##


You could see a stone giant, 2 orc warriors, an orc priest, 2 orc wizards and 2
orcs.

Vanquished Creatures
  Gastronok (D:8)
  A two-headed ogre (Orc:1)
  An orc knight (Orc:1)
  An ugly thing (D:12)
  A cyclops (D:11)
  A centaur zombie (D:11)
  2 centaur skeletons
  A komodo dragon (D:11)
  A troll (Orc:1)
  2 hippogriffs (D:11)
  2 wraiths (D:12)
  3 yaks (D:11)
  A shadow (D:12)
  A wyvern (D:12)
  A hungry ghost (D:12)
  A warg (Orc:2)
  A soldier ant (D:12)
  2 water moccasins
  3 ice beasts
  3 orc warriors
  A sky beast (D:12)
  3 ogres
  10 centaurs
  2 phantoms
  A crocodile (D:12)
  4 bullfrogs (D:12)
  A big kobold (D:3)
  A water moccasin zombie (D:12)
  A wyvern skeleton (D:11)
  2 howler monkeys (D:7)
  8 wights (D:11)
  A crimson imp (D:12)
  3 hounds
  A jelly (D:12)
  4 orc priests
  Jessica (D:3)
  2 bullfrog skeletons
  3 iguanas
  Natasha (thrice) (D:3)
  5 orc wizards
  7 worker ants
  6 ogre zombies (D:12)
  Robin (D:3)
  4 gnolls
  6 adders
  2 oozes
  An adder zombie (D:5)
  A worm (D:3)
  3 dart slugs
  4 leopard geckos
  15 orcs
  2 bats (D:1)
  A giant cockroach (D:3)
  16 goblins
  8 hobgoblins
  5 jackals
  A quokka (D:6)
  3 frilled lizards
  2 goblin zombies (D:12)
  3 hobgoblin skeletons (D:12)
  13 kobolds
  An orc skeleton (D:12)
  12 orc zombies (D:12)
  2 rats (D:3)
206 creatures vanquished.

Notes
Turn   | Place    | Note
-------+----------+-------------------------------------------
     0 | D:1      | Kaspu011 the Minotaur Berserker began the quest for the Orb.
     0 | D:1      | Reached XP level 1. HP: 19/19 MP: 0/0
   108 | D:1      | Reached XP level 2. HP: 25/27 MP: 1/1
   109 | D:1      | Upgraded the game from 0.20.0-15-g7f486f2 to 0.20.1-1-g8b1a95d
   631 | D:2      | Reached XP level 3. HP: 30/34 MP: 2/2
   720 | D:2      | Reached ** piety under Trog
   797 | D:2      | Reached XP level 4. HP: 6/41 MP: 3/3
   932 | D:3      | Noticed Natasha
   936 | D:3      | Noticed Robin
   970 | D:3      | Killed Natasha
   970 | D:3      | Reached skill level 5 in Axes
   971 | D:3      | Killed Robin
   981 | D:3      | Reached skill level 5 in Fighting
  1287 | D:3      | Noticed Natasha
  1304 | D:3      | Killed Natasha
  1304 | D:3      | Reached XP level 5. HP: 28/48 MP: 4/4
  1404 | D:3      | Noticed Jessica
  1408 | D:3      | Killed Jessica
  1466 | D:3      | Noticed Natasha
  1471 | D:3      | Killed Natasha
  1479 | D:3      | Reached *** piety under Trog
  1496 | D:3      | Reached skill level 1 in Shields
  1496 | D:3      | Reached XP level 6. HP: 44/56 MP: 5/5
  1570 | D:3      | You fall through a shaft for 3 floors!
  1811 | D:6      | Reached XP level 7. HP: 54/61 MP: 6/6
  1902 | D:5      | Entered Level 5 of the Dungeon
  2020 | D:5      | Reached skill level 1 in Long Blades
  2065 | D:5      | Reached skill level 2 in Long Blades
  2399 | D:7      | Reached skill level 3 in Long Blades
  2399 | D:7      | Reached skill level 5 in Armour
  2471 | D:7      | Reached skill level 4 in Long Blades
  2471 | D:7      | Reached XP level 8. HP: 9/70 MP: 7/7
  2776 | D:7      | Reached skill level 5 in Long Blades
  3182 | D:7      | Reached skill level 6 in Long Blades
  3369 | D:7      | Reached **** piety under Trog
  3511 | D:8      | Noticed Gastronok
  3540 | D:8      | Killed Gastronok
  3540 | D:8      | Reached skill level 9 in Long Blades
  3540 | D:8      | Reached XP level 9. HP: 69/79 MP: 8/8
  3557 | D:8      | You fall through a shaft for 3 floors!
  3576 | D:11     | Noticed a komodo dragon
  3583 | D:11     | Killed a komodo dragon
  3583 | D:11     | Reached skill level 10 in Long Blades
  3888 | D:11     | Reached XP level 10. HP: 55/88 MP: 9/9
  3955 | D:11     | Noticed a cyclops
  3992 | D:11     | Killed a cyclops
  3992 | D:11     | Reached skill level 11 in Long Blades
  4247 | D:11     | Received a gift from Trog
  4530 | D:12     | Paralysed by fainting for 11 turns
  4585 | D:12     | Paralysed by fainting for 7 turns
  4593 | D:12     | Paralysed by fainting for 5 turns
  5140 | D:12     | Noticed a green ugly thing
  5141 | D:12     | Found a staircase to the Orcish Mines.
  5151 | D:12     | Killed a green ugly thing
  5151 | D:12     | Reached XP level 11. HP: 56/97 MP: 10/10
  5155 | D:12     | Reached ***** piety under Trog
  5312 | Orc:1    | Entered Level 1 of the Orcish Mines
  5312 | Orc:1    | Noticed an orc knight
  5312 | Orc:1    | Noticed a two-headed ogre
  5315 | Orc:1    | Killed a two-headed ogre
  5320 | Orc:1    | Killed an orc knight
  5320 | Orc:1    | Reached skill level 10 in Axes
  5560 | Orc:1    | Found Fuob's Jewellery Emporium.
  5576 | Orc:1    | Bought an uncursed ring of see invisible for 195 gold pieces
  5605 | Orc:1    | Found Derhocull's Book Shop.
  5718 | Orc:1    | Found Osuwn's Armour Boutique.
  5785 | Orc:1    | Found Tiang's Magic Scroll Emporium.
  5813 | Orc:2    | Entered Level 2 of the Orcish Mines
  5849 | Orc:2    | Noticed a stone giant
  5865 | Orc:2    | Mangled by a stone giant

Skill      XL: |  1  2  3  4  5  6  7  8  9 10 11 |
---------------+----------------------------------+-----
Fighting       | 4 5 6 7 9 |  9.7
Axes           | 4 5 6 7 9 10 | 10.5
Armour         | 3 5 7 8 9 |  9.5
Shields        | 1 2 3 6 7 |  7.9
Dodging        | 3 |  3.5
Long Blades    | 4 9 10 11 | 11.2
Stealth        | |  0.3

Action                   |  1- 3 |  4- 6 |  7- 9 | 10-12 || total
-------------------------+-------+-------+-------+-------++-------
Melee: Hand axe          |    71 |   147 |     2 |       ||   220
       Headbutt          |     9 |    24 |    57 |    57 ||   147
       Long sword        |       |       |   208 |    55 ||   263
       Battleaxe         |       |       |       |   204 ||   204
       War axe           |       |       |       |    15 ||    15
  Use: Potion            |       |     5 |     3 |     3 ||    11
       Scroll            |       |     1 |     2 |     7 ||    10
  Eat: Meat ration       |       |     2 |       |       ||     2
       Bread ration      |       |       |       |     2 ||     2
Armor: Robe              |     4 |       |       |       ||     4
       Ring mail         |    12 |    32 |       |       ||    44
       Animal skin       |     1 |       |       |       ||     1
       Plate armour      |       |    20 |   124 |   206 ||   350
Dodge: Dodged            |    34 |    50 |    50 |   112 ||   246
Block: Shield            |    15 |    48 |    92 |    48 ||   203
       Rpst.: Long sword |       |       |    15 |     5 ||    20
